 Dungeon Crawl Stone Soup version 0.31-a0-233-g139696dc86 (webtiles) character file.

Game seed: 6732870177062926970

1040 qw the Skirmisher (level 8, -3/69 HPs)
             Began as a Minotaur Hexslinger on July 8, 2023.
             Slain by an unseen horror (7 damage)
             ... on level 5 of the Dungeon.
             The game lasted 00:01:51 (5178 turns).

qw the Skirmisher (Minotaur Hexslinger)             Turns: 5178, Time: 00:01:51

Health: -3/69      AC:  5    Str: 13      XL:     8   Next: 4%
Magic:  8/8        EV: 11    Int:  7 (10) God:
Gold:   255        SH:  5    Dex: 12 (15) Spells: 8/9 levels left

rFire   . . .        o - +1 sling (heavy)
rCold   + . .        (no shield)
rNeg    . . .        a - +2 leather armour {rC+}
rPois   +            (helmet restricted)
rElec   .            (no cloak)
rCorr   +            (no gloves)
SInv    .            (no boots)
Will    .....        m - amulet of reflection
Stlth   +            g - ring of resist corrosion
HPRegen 0.31/turn    n - ring of poison resistance
MPRegen 0.11/turn

%: reflection
@: no status effects
A: horns 2, retaliatory headbutt
a: no special abilities


You were on level 5 of the Dungeon.
You visited 2 branches of the dungeon, and saw 6 of its levels.
You also visited: Sewer.

You collected 255 gold pieces.


Innate Abilities, Weirdness & Mutations

You have a pair of horns on your head.
You reflexively headbutt those who attack you in melee.


   Skills:
 + Level 5.4 Fighting
 - Level 9.0 Ranged Weapons
 - Level 1.7 Armour
 - Level 2.1 Dodging
 - Level 1.0 Spellcasting
 - Level 2.0 Hexes


You had 8 spell levels left.
You knew the following spells:

 Your Spells              Type           Power      Damage    Failure   Level
a - Slow                  Hex            12%        N/A       24%         1

Your spell library contained the following spells:

 Spells                   Type           Power      Damage    Failure   Level
 Inner Flame              Hex/Fire       1%         N/A       71%         3
 Portal Projectile        Hex/Tloc       2%         N/A       71%         3
 Cause Fear               Hex            1%         N/A       93%         4

Inventory:

Hand Weapons
 o - a +1 heavy sling (weapon)
Armour
 a - a +2 leather armour of cold resistance (worn)
Jewellery
 f - a ring of poison resistance
 g - a ring of resist corrosion (left hand)
 m - an amulet of reflection (around neck)
 n - a ring of poison resistance (right hand)
 p - a +4 ring of protection
 q - a ring of fire
Scrolls
 e - 2 scrolls of identify
 i - a scroll of immolation {unknown}
 j - a scroll of teleportation
 r - a scroll of revelation {unknown}
 s - a scroll of enchant armour
Potions
 b - a potion of cancellation {unknown}
 c - a potion of might
 d - a potion of enlightenment {unknown}
 h - 2 potions of haste
 k - 2 potions of curing
 l - a potion of heal wounds {unknown}

Dungeon Overview and Level Annotations

Branches:
Dungeon (5/15)             Temple (1/1) D:5           Sewer (visited)

Altars:
Cheibriados
Dithmenos
Elyvilon
Hepliaklqana
Makhleb
Qazlal
Ru
Sif Muna
Trog
Xom
Yredelemnul
Zin


Message History

Enter note:
Enter note:
Enter note:
Enter note:
Enter note:
Enter note:
There is a stone staircase leading up here.
Something hits you!
Deactivating autopickup; reactivate with Ctrl-A.
Enter note:
Enter note:
Enter note:
Enter note:
Enter note:
Enter note: You shoot a sling bullet.
Something hits you.
You shoot a sling bullet. Something hits you.
You shoot a sling bullet. You block something's attack.
Something hits you but does no damage.
You shoot a sling bullet. Something hits you. x2
You shoot a sling bullet. Something hits you!
You shoot a sling bullet. Something hits you!
You shoot a sling bullet. Something hits you!
You shoot a sling bullet. Something completely misses you.
You block something's attack.
You shoot a sling bullet. Something hits you but does no damage.
Something hits you. Something hits you!
You shoot a sling bullet. Something hits you!
You shoot a sling bullet. Something hits you. Something hits you!
You shoot a sling bullet. Something hits you!
You die...

........%####################..#
..........)).).................##
############################....>
#.#### ### ####### #8...8#
############. #.....# #####
######....@....... #..>..' ....#
#..<...#########.. #.....# ....#
#.###### #8...8# ....# #.#
####### .[..###.# ....##..#
....#..## #. ....#.## ##..
......# ... ##


There were no monsters in sight!

Vanquished Creatures
  Pargi (Sewer)
  2 black bears
  2 phantoms
  2 hounds (D:5)
  2 jellies (D:5)
  An iron imp (D:4)
  6 orc wizards
  3 iguanas (D:5)
  A river rat (D:4)
  10 adders
  A shadow imp (D:5)
  5 worms
  A dart slug (D:1)
  23 orcs
  8 bats
  10 endoplasms
  5 giant cockroaches
  5 hobgoblins (D:1)
  3 jackals (D:2)
  8 kobolds
  4 quokkas
  5 ball pythons
  8 goblins
  2 rats
118 creatures vanquished.

Notes
Turn   | Place    | Note
-------+----------+-------------------------------------------
     0 | D:1      | qw the Minotaur Hexslinger began the quest for the Orb.
     0 | D:1      | Reached XP level 1. HP: 16/16 MP: 1/1
     0 | D:1      | 0 ||| qw: Version: 0.3-a-46-gb1f654a
     0 | D:1      | 0 ||| qw: Game counter: 3351
     0 | D:1      | 0 ||| qw: Melee chars always use a shield: true
     0 | D:1      | 0 ||| qw: God list: Okawaru
     0 | D:1      | 0 ||| qw: Allow faded altars: false
     0 | D:1      | 0 ||| qw: Do Orc after clearing Dungeon:15 true
     0 | D:1      | 0 ||| qw: Do second Lair branch before Depths: true
     0 | D:1      | 0 ||| qw: Lair rune preference: random
     0 | D:1      | 0 ||| qw: Goals: Normal
     0 | D:1      | 0 ||| PLANNING D:1-11
    51 | D:1      | Reached skill level 3 in Ranged Weapons
    51 | D:1      | Reached XP level 2. HP: 23/23 MP: 2/2
    70 | D:1      | 70 ||| UPGRADING to +0 leather armour.
    71 | D:1      | 71 ||| UPGRADING to +0 leather armour.
    85 | D:1      | 85 ||| UPGRADING to +0 robe.
    90 | D:1      | 90 ||| UPGRADING to +0 leather armour.
   100 | D:1      | 100 ||| DROPPING +0 robe.
   101 | D:1      | 101 ||| UPGRADING to ring of resist corrosion.
   102 | D:1      | 102 ||| READING scroll labelled JATZIR RETEDGH.
   103 | D:1      | 103 ||| DROPPING scroll of poison.
   557 | D:1      | Reached XP level 3. HP: 27/29 MP: 3/3
   843 | D:1      | 843 ||| DRINKING 2 yellow potions.
   958 | D:2      | Reached skill level 4 in Ranged Weapons
  1362 | D:2      | Reached XP level 4. HP: 32/36 MP: 4/4
  1438 | D:2      | Found a shimmering altar of Xom.
  1673 | D:2      | 1673 ||| UPGRADING to amulet of reflection.
  1678 | D:2      | 1678 ||| UPGRADING to ring of poison resistance.
  1679 | D:2      | 1679 ||| READING scroll labelled SAAFOAPTIH.
  1683 | D:2      | 1683 ||| READING scroll labelled ORINIO DUPTO.
  1684 | D:2      | 1684 ||| READING 2 scrolls labelled TUYLAT XOSCHO.
  1685 | D:2      | 1685 ||| READING scroll of brand weapon.
  1685 | D:2      | 1685 ||| BRANDING +1 sling of electrocution.
  1686 | D:2      | 1686 ||| DRINKING 2 bubbling inky potions.
  1834 | D:3      | Found a shimmering altar of Xom.
  1835 | D:3      | Found a stormy altar of Qazlal.
  1971 | D:3      | 1971 ||| FLEEEEING.
  1975 | D:3      | 1975 ||| STAIRDANCE
  2048 | D:2      | 2048 ||| DROPPING ring of wizardry.
  2049 | D:2      | 2049 ||| READING scroll labelled AZOUTE CIMAO.
  2050 | D:2      | 2050 ||| READING scroll labelled ZIPOWI ENULL.
  2051 | D:2      | 2051 ||| DRINKING 2 sedimented sapphire potions.
  2166 | D:3      | Reached skill level 5 in Ranged Weapons
  2183 | D:3      | HP: 9/36 [something (2)]
  2188 | D:3      | HP: 4/36 [something (1)]
  2462 | D:3      | Reached skill level 3 in Fighting
  2590 | D:3      | 2590 ||| UPGRADING to +0 ring mail.
  2600 | D:3      | 2600 ||| DROPPING +0 leather armour.
  2601 | D:3      | 2601 ||| READING 2 scrolls of identify.
  2601 | D:3      | 2601 ||| IDENTIFYING golden potion
  2602 | D:3      | 2602 ||| DROPPING potion of ambrosia.
  2619 | D:4      | 2619 ||| PLANNING SEWER
  2650 | D:4      | Reached XP level 5. HP: 45/45 MP: 5/5
  2665 | D:4      | Found a snail-covered altar of Cheibriados.
  2677 | D:4      | Reached skill level 1 in Armour
  2890 | D:4      | 2890 ||| FLEEEEING.
  2891 | D:4      | 2891 ||| FLEEEEING.
  2892 | D:4      | 2892 ||| FLEEEEING.
  2893 | D:4      | 2893 ||| FLEEEEING.
  2894 | D:4      | 2894 ||| FLEEEEING.
  2895 | D:4      | 2895 ||| FLEEEEING.
  2896 | D:4      | 2896 ||| FLEEEEING.
  2975 | D:4      | 2975 ||| FLEEEEING.
  2976 | D:4      | 2976 ||| FLEEEEING.
  2977 | D:4      | 2977 ||| FLEEEEING.
  2987 | D:4      | 2987 ||| FLEEEEING.
  2992 | D:4      | 2992 ||| STAIRDANCE
  3008 | D:3      | 3008 ||| UPGRADING to +2 leather armour of cold resistance.
  3018 | D:3      | 3018 ||| DROPPING +0 ring mail.
  3031 | D:4      | Noticed a phantom
  3043 | D:4      | Killed a phantom
  3044 | D:4      | Reached skill level 6 in Ranged Weapons
  3044 | D:4      | Reached XP level 6. HP: 26/51 MP: 6/6
  3214 | D:4      | Found a glowing drain.
  3221 | Sewer    | Entered a sewer
  3224 | Sewer    | Noticed Pargi
  3240 | Sewer    | Killed Pargi
  3521 | Sewer    | 3521 ||| READING scroll labelled KETEYNK LYRUCU.
  3535 | D:4      | 3535 ||| PLANNING D:1-11
  3635 | D:4      | Reached skill level 7 in Ranged Weapons
  3635 | D:4      | Reached XP level 7. HP: 60/60 MP: 7/7
  3725 | D:4      | Found a hazy altar of Hepliaklqana.
  4295 | D:5      | Entered Level 5 of the Dungeon
  4360 | D:5      | Found a staircase to the Ecumenical Temple.
  4361 | D:5      | 4361 ||| PLANNING TEMPLE
  4362 | D:5      | 4362 ||| READING scroll labelled YMOB BUPAIFIRROAKK.
  4363 | D:5      | 4363 ||| DRINKING 2 amethyst potions.
  4364 | D:5      | 4364 ||| DROPPING potion of degeneration.
  4370 | Temple   | Entered the Ecumenical Temple
  4513 | Temple   | 4513 ||| PLANNING D:1-11
  4690 | D:5      | Reached skill level 8 in Ranged Weapons
  4691 | D:5      | HP: 15/61 [something (3)]
  4692 | D:5      | 4692 ||| READING 2 scrolls of teleportation.
  5069 | D:5      | Reached skill level 9 in Ranged Weapons
  5103 | D:5      | Reached XP level 8. HP: 58/68 MP: 8/8
  5176 | D:5      | HP: 13/69 [something (8)]
  5177 | D:5      | HP: 4/69 [something (7)]
  5178 | D:5      | Slain by an unseen horror

Levels and vault maps discovered:
D:1:      nzn_arrival_water_spiral, layout_loops_cross, chequers_big_river
D:2:      minmay_general_purpose_star, layout_basic, basic_altar
D:3:      layout_basic, gammafunk_temple_overflow_statue
D:4:      layout_loops_corners, slow_altar_2, nicolae_hepliaklqana_hippocampus,
          lightli_sewer_entry_pipes, minmay_misc_feat_iff
D:5:      layout_rooms, minmay_temple_entry_fiery
Temple:   hellmonk_temple_flake

Skill      XL: |  1  2  3  4  5  6  7 |
---------------+----------------------+-----
Ranged Weapons | 3 4 5 6 7 9 |  9.0
Fighting       | 2 3 4 5 |  5.4
Armour         | 1 |  1.7
Dodging        | |  2.1
Spellcasting   | |  1.0
Hexes          | |  2.0

Action                     |  1- 3 |  4- 6 |  7- 9 || total
---------------------------+-------+-------+-------++-------
   Fire: Sling             |   106 |   165 |    95 ||   366
    Use: Scroll            |     1 |     8 |     2 ||    11
         Potion            |     1 |     2 |     1 ||     4
 Armour: Leather armour    |    10 |    22 |    15 ||    47
         Robe              |     1 |       |       ||     1
         Ring mail         |       |    21 |       ||    21
  Dodge: Dodged            |    24 |    67 |    30 ||   121
  Block: Other             |       |    37 |    10 ||    47
         Reflection        |       |     1 |       ||     1

Table legend:
 A = Non-vault XP
 B = Vault XP
 C = Vault XP percentage of total XP
 D = Non-vault monster count
 E = Vault monster count
 F = Vault count percentage of total count
                 A         B        C        D         E       F
            +---------+---------+-------+---------+---------+-------
      Total |    1245 |     241 |  16.2 |     105 |      13 |  11.0
            +---------+---------+-------+---------+---------+-------
        D:1 |      46 |       0 |   0.0 |      24 |       0 |   0.0
        D:2 |      57 |       0 |   0.0 |      13 |       0 |   0.0
        D:3 |     125 |       0 |   0.0 |      20 |       0 |   0.0
        D:4 |     396 |      81 |  17.0 |      24 |       6 |  20.0
        D:5 |     621 |       0 |   0.0 |      24 |       0 |   0.0
      Sewer |       0 |     160 | 100.0 |       0 |       7 | 100.0
            +---------+---------+-------+---------+---------+-------
